 Dungeon Crawl Stone Soup version 0.20.1-1-g8b1a95d (webtiles) character file.

290 dohliylev the Covert (level 6, -1/42 HPs)
             Began as a Vampire Enchanter on July 8, 2017.
             Killed from afar by an orc wizard (4 damage)
             ... with a magic dart
             ... on level 3 of the Dungeon.
             The game lasted 00:15:36 (3925 turns).

dohliylev the Covert (Vampire Enchanter)            Turns: 3925, Time: 00:15:37

Health: -1/42      AC:  3    Str:  7    XL:     6   Next: 9%
Magic:  1/10       EV: 13    Int: 18    God:
Gold:   97         SH:  0    Dex: 16    Spells: 7/10 levels left

rFire    + . .     SeeInvis +   a - +1 dagger
rCold    + + .     Gourm    .   (no shield)
rNeg     + + +     Faith    .   b - +0 robe
rPois    ∞         Spirit   .   (no helmet)
rElec    .         Reflect  .   (no cloak)
rCorr    .         Harm     .   s - +0 pair of gloves
MR       .....                  (no boots)
Stlth    ++++++....             (no amulet)
Regen    0.0/turn               q - ring of protection from fire
MPRegen  0.2/turn               (no ring)

@: bloodless, non-regenerating
A: fangs 3, see invisible, unbreathing
a: Bat Form


You were on level 3 of the Dungeon.
You were bloodless.

You visited 1 branch of the dungeon, and saw 4 of its levels.

You collected 97 gold pieces.

Inventory:

Hand Weapons
 a - a +1 dagger (weapon)
Missiles
 k - 3 needles of frenzy
Armour
 b - a +0 robe (worn)
 o - a cursed +0 ring mail
 s - a +0 pair of gloves (worn)
Jewellery
 q - a ring of protection from fire (left hand)
Scrolls
 e - 2 scrolls of amnesia {unknown}
 f - 4 scrolls of teleportation {unknown}
 m - a scroll of magic mapping {unknown}
 n - 3 scrolls of identify {unknown}
 p - a scroll of remove curse {unknown}
Potions
 d - 19 potions of blood
 g - a potion of haste {unknown}
 h - a potion of berserk rage {unknown}
 i - a potion of invisibility {unknown}
 j - 2 potions of curing {unknown}
 l - 2 potions of might {unknown}
 r - a potion of degeneration {unknown}
Books
 c - a book of Maledictions

   Spells                             Type                      Level
   a - Corona                         Hexes                        1
   b - Ensorcelled Hibernation        Hexes/Ice                    2
   c - Confuse                        Hexes                        3
   d - Tukima's Dance                 Hexes                        3
   e - Dazzling Spray                 Conjuration/Hexes            3


   Skills:
 + Level 0.3 Fighting
 + Level 2.1 Short Blades
 + Level 2.6 Dodging
 * Level 8.1 Stealth
 + Level 2.9 Spellcasting
 + Level 5.4 Hexes
 + Level 1.1 Ice Magic


You had 7 spell levels left.
You knew the following spells:

 Your Spells              Type           Power        Failure   Level  Hunger
a - Corona                Hex            ###....      1%          1    None
b - Ensorcelled Hibernat  Hex/Ice        ##....       6%          2    ##.....


Dungeon Overview and Level Annotations

Branches:
Dungeon (4/15)
 Temple: D:4-7

Altars:
Nemelex Xobeh


Innate Abilities, Weirdness & Mutations

You do not heal naturally.
You are immune to poison.
You have razor-sharp teeth.
You have supernaturally acute eyesight. (SInv)
You can survive without breathing.


Message History

The orc wizard is almost dead.
The orc wizard hits you with a dagger.
* * * LOW HITPOINT WARNING * * *
You completely miss the orc wizard.
The orc wizard is almost dead.
The orc wizard hits you with a dagger.
* * * LOW HITPOINT WARNING * * *
You hit the orc wizard but do no damage.
The orc wizard is almost dead.
The orc wizard barely misses you.
The orc wizard points at you and mumbles some strange words.
The magic dart hits you!
* * * LOW HITPOINT WARNING * * *
Welcome back, dohliylev the Vampire Enchanter.
Press ? for a list of commands and other information.
You closely miss the orc wizard.
The orc wizard is almost dead.
The orc wizard gestures at you while chanting.
The magic dart hits you!
You die...

#..#)#
###.##.#############
#..#.# #..............#
.....# #.#.#.########.#
#########...#.# #.#
#.......###.#.# #.#
##.####.#...#.# #.#
......#.#.#.#.# #.#
......#.#.#.#.#### #.#
.(....'..÷.....o@# #.#
......#.##############.#
......#........).......#
##################.#.###
# #.#.# # #.#.# ####
#.#.# ...# #.#.# ...#
#...#


You could see an orc wizard.

Vanquished Creatures
  A scorpion (D:4)
  A howler monkey (D:4)
  Natasha (twice) (D:3)
  An orc wizard (D:4)
  3 gnolls
  3 adders
  A dart slug (D:2)
  2 leopard geckos (D:2)
  2 orcs (D:3)
  6 giant cockroaches
  10 hobgoblins
  2 quokkas (D:2)
  11 bats
  4 frilled lizards
  11 goblins
  2 kobolds (D:2)
  8 rats
70 creatures vanquished.

Notes
Turn   | Place    | Note
-------+----------+-------------------------------------------
     0 | D:1      | dohliylev the Vampire Enchanter began the quest for the Orb.
     0 | D:1      | Reached XP level 1. HP: 13/13 MP: 3/3
   210 | D:1      | Reached skill level 5 in Stealth
   210 | D:1      | Reached XP level 2. HP: 19/19 MP: 5/5
   358 | D:1      | Found a sparkling altar of Nemelex Xobeh.
   485 | D:1      | You fall through a shaft!
   628 | D:2      | Learned a level 2 spell: Ensorcelled Hibernation
  1537 | D:2      | Reached XP level 3. HP: 21/24 MP: 3/6
  2375 | D:2      | Reached skill level 6 in Stealth
  2546 | D:1      | Reached skill level 5 in Hexes
  2554 | D:1      | Reached XP level 4. HP: 30/30 MP: 7/7
  3392 | D:3      | Noticed Natasha
  3550 | D:3      | Killed Natasha
  3550 | D:3      | Reached XP level 5. HP: 31/36 MP: 6/9
  3611 | D:3      | Reached skill level 7 in Stealth
  3786 | D:3      | Noticed Natasha
  3789 | D:3      | Killed Natasha
  3861 | D:4      | Reached skill level 8 in Stealth
  3861 | D:4      | Reached skill level 1 in Ice Magic
  3861 | D:4      | Reached XP level 6. HP: 42/42 MP: 5/10
  3925 | D:3      | Killed from afar by an orc wizard

Skill      XL: |  1  2  3  4  5  6 |
---------------+-------------------+-----
Stealth        | 5 6 8 |  8.1
Hexes          | 5 |  5.4
Ice Magic      | 1 |  1.1
Short Blades   | 2 |  2.1
Fighting       | |  0.3
Dodging        | |  2.6
Spellcasting   | |  2.9

Action                   |  1- 3 |  4- 6 || total
-------------------------+-------+-------++-------
Melee: Dagger            |    82 |   110 ||   192
       Bite              |     5 |     7 ||    12
 Cast: Corona            |     8 |     2 ||    10
       Ensorcelled Hiber |    28 |    26 ||    54
 Stab: Sleeping          |    22 |    24 ||    46
       Distracted        |     1 |       ||     1
Armor: Robe              |    29 |    14 ||    43
Dodge: Dodged            |    88 |    88 ||   176
